 Seeded DCSS version 0.29.1-12-g30fa7ad0bf (webtiles) character file.

Game seed: 9845822215292249863 (custom seed)

35 hikkokomori the Conjurer (level 3, 21/21 HPs)
             Began as an Octopode Conjurer on Jan 8, 2023.
             Quit the game on level 1 of the Dungeon.
             The game lasted 00:01:15 (1036 turns).

hikkokomori the Conjurer (Octopode Conjurer)        Turns: 1036, Time: 00:01:15

Health: 21/21      AC:  1    Str:  6    XL:     3   Next: 33%
Magic:  6/6        EV: 13    Int: 22    God:
Gold:   1999       SH:  0    Dex: 10    Spells: 5/6 levels left

rFire   . . .      SeeInvis .   (no weapon)
rCold   . . .      Faith    .   (no shield)
rNeg    . . .      Spirit   .   (helmet restricted)
rPois   .          Reflect  .   (no amulet)
rElec   .          Harm     .   (no ring)
rCorr   .          Rampage  .   (no ring)
Will    .....                   (no ring)
Stlth   +++.......              (no ring)
HPRegen 0.07/turn               (no ring)
MPRegen 0.10/turn               (no ring)
                                (no ring)
                                (no ring)

@: no status effects
A: almost no armour, amphibious, 8 rings, camouflage 1, gelatinous body 1,
(nimble swimmer 1), tentacles
a: no special abilities


You were on level 1 of the Dungeon.
You visited 1 branch of the dungeon, and saw 1 of its levels.

You collected 1999 gold pieces.

Inventory:

Jewellery
 h - an amulet of the acrobat
 i - a ring of willpower
Scrolls
 b - a scroll of teleportation {unknown}
 c - a scroll of identify {unknown}
 g - a scroll of amnesia {unknown}
Potions
 a - 2 potions of magic
 e - a potion of heal wounds {unknown}
 f - a potion of curing {unknown}


   Skills:
 - Level 2.2 Dodging
 + Level 3.6 Stealth
 + Level 2.4 Spellcasting
 + Level 4.3 Conjurations


You had 5 spell levels left.
You knew the following spells:

 Your Spells              Type           Power      Damage    Failure   Level
a - Magic Dart            Conj           84%        1d7       2%          1

Your spell library contained the following spells:

 Spells                   Type           Power      Damage    Failure   Level
 Searing Ray              Conj           42%        2d6       3%          2
 Dazzling Flash           Conj/Hex       24%        N/A       16%         3
 Fulminant Prism          Conj/Hex       6%         3d7       47%         4
 Iskenderun's Mystic Bla  Conj/Tloc      12%        2d5       47%         4


Dungeon Overview and Level Annotations

Branches:
Dungeon (1/15)

Altars:


Innate Abilities, Weirdness & Mutations

You cannot wear most types of armour.
You are amphibious.
You can wear up to eight rings at the same time.
Your skin changes colour to match your surroundings (Stealth+).
Your rubbery body absorbs attacks. (AC +1, EV +1)
((You are camouflaged when in or above water. (Stealth+)))
You have tentacles for arms and can constrict up to eight enemies at once.


Message History

Found a potion of magic and a glowing granite ring.
The magic dart hits the quokka.
The quokka is heavily wounded.
A quokka is nearby!
The magic dart hits the quokka.
The quokka is severely wounded.
A quokka is nearby!
The magic dart hits the quokka.
You kill the quokka!
Found 6 stones.
d - 3 scrolls labelled VOSEFAQATU (gained 2)
You see here a staff of conjuration.
You can't see any susceptible monsters within range! (Use Z to cast anyway.)
a - 2 potions of magic (gained 1)
i - a ring of willpower You can't see any susceptible monsters within range! (Use Z to cast anyway.)
You open the door.
There is an open door here.
You open the door.
There is an open door here.
There is an open door here.
Key pressed, stopping explore.
You can't see any susceptible monsters within range! (Use Z to cast anyway.)
There is a stone staircase leading down here.
Done exploring.
You can't see any susceptible monsters within range! (Use Z to cast anyway.) Done exploring.
You can't see any susceptible monsters within range! (Use Z to cast anyway.) Done exploring.
You can't see any susceptible monsters within range! (Use Z to cast anyway.) Done exploring.
You can't see any susceptible monsters within range! (Use Z to cast anyway.) Done exploring.
You can't see any susceptible monsters within range! (Use Z to cast anyway.) This is a scroll of acquirement!
Something appears before you! Something appears before you!
Something appears before you!
You now have 1999 gold pieces (gained 1968).
Are you sure you want to abandon this character and quit the game? (Confirm with "yes".)

# ###########
#>......... #.#######.#
#############.# #.#
#.............#### #.#
#.....@..........# #.#
#................####..
#...................##.
#................##.##.
#................##.##.
#...............)##.#..
#................##.#..
#############....##....
#....####.#


There were no monsters in sight!

Vanquished Creatures
  A gnoll (D:1)
  2 dart slugs (D:1)
  2 endoplasms (D:1)
  A giant cockroach (D:1)
  2 goblins (D:1)
  2 kobolds (D:1)
  A quokka (D:1)
  2 ball pythons (D:1)
  5 bats (D:1)
  A frilled lizard (D:1)
  A rat (D:1)
20 creatures vanquished.

Notes
Turn   | Place    | Note
-------+----------+-------------------------------------------
     0 | D:1      | hikkokomori the Octopode Conjurer began the quest for the
                  | Orb.
     0 | D:1      | Reached XP level 1. HP: 11/11 MP: 3/3
   116 | D:1      | Reached XP level 2. HP: 17/17 MP: 0/5
   543 | D:1      | Reached XP level 3. HP: 21/21 MP: 4/6
  1032 | D:1      | Identified 3 scrolls of acquirement
  1032 | D:1      | Acquired 606 gold pieces
  1033 | D:1      | Acquired 337 gold pieces
  1034 | D:1      | Acquired 1025 gold pieces
  1036 | D:1      | Quit the game

Illustrated notes

Levels and vault maps discovered:
D:1:      giann_bridges, layout_basic

Skill      XL: |  1 |
---------------+----+-----
Stealth        | 3 |  3.6
Dodging        | |  2.2
Spellcasting   | |  2.4
Conjurations   | |  4.3

Action                   || total
-------------------------++-------
Melee: Unarmed           ||    10
       Constrict         ||     2
 Cast: Magic Dart        ||    40
  Use: Scroll            ||     3
Armor: Skin              ||     6
Dodge: Dodged            ||    13
